 Dungeon Crawl Stone Soup version 0.19.0-2-gae57169 (webtiles) character file.

84 LarsHolidae the Cudgeler (level 4, -1/45 HPs)
             Began as a Troll Berserker on Nov 6, 2016.
             Was a Believer of Trog.
             Slain by a gnoll
             ... wielding a +0 spear
              (5 damage)
             ... on level 2 of the Dungeon.
             The game lasted 00:08:32 (999 turns).

LarsHolidae the Cudgeler (Troll Berserker)           Turns: 999, Time: 00:08:33

Health: -1/45      AC:  6    Str: 26    XL:     4   Next: 23%
Magic:  3/3        EV: 10    Int:  3    God:    Trog [**....]
Gold:   37         SH:  0    Dex:  9    Spells: 0 memorised, 3 levels left

rFire  . . .     SeeInvis .     a - +0 mace
rCold  . . .     Gourm    +     b - +0 animal skin
rNeg   . . .     Faith    .     (no shield)
rPois  .         Spirit   .     (helmet restricted)
rElec  .         Reflect  .     n - +0 cloak
rCorr  .         Harm     .     (gloves unavailable)
MR     ++...                    (boots unavailable)
Stlth  +.........               (no amulet)
                                (no ring)
                                (no ring)

@: starving, regenerating
A: unfitting armour, claws 3, fast metabolism 3, gourmand, regeneration 1,
shaggy fur 1, tough skin 2
a: Berserk, Trog's Hand, Burn Spellbooks, Renounce Religion


You were on level 2 of the Dungeon.
You worshipped Trog.
Trog was pleased with you.
You were starving.

You visited 1 branch of the dungeon, and saw 2 of its levels.

You collected 37 gold pieces.

Inventory:

Hand Weapons
 a - a +0 mace (weapon)
 l - a +2 short sword of speed
Missiles
 d - 19 sling bullets
 i - 31 stones (quivered)
Armour
 b - a +0 animal skin (worn)
 k - a +0 ring mail
 n - a +0 cloak (worn)
Scrolls
 e - a scroll of random uselessness {unknown}
 h - 2 scrolls of identify {unknown}
 m - a scroll of enchant armour {unknown}
Potions
 g - a potion of ambrosia {unknown}
 j - a potion of magic {unknown}
Comestibles
 c - 2 bread rations
 f - a royal jelly


   Skills:
 + Level 3.0 Fighting
 + Level 3.6 Maces & Flails
 + Level 3.0 Dodging
 + Level 0.1 Stealth


You had 3 spell levels left.
You didn't know any spells.

Dungeon Overview and Level Annotations

Branches:
Dungeon (2/15)

Altars:
The Shining One


Innate Abilities, Weirdness & Mutations

You are too large for most types of armour.
You have claws for hands.
Your metabolism is lightning-fast.
You like to eat raw meat.
Your natural rate of healing is unusually fast.
You are covered in fur. (AC +1)
You have very tough skin. (AC +2)


Message History

The gnoll closely misses you.
The gnoll hits you from afar with a spear.
* * * LOW HITPOINT WARNING * * *
Your skin crawls.
You feel resistant to hostile enchantments.
You are starving!
The gnoll barely misses you. The gnoll closely misses you.
The gnoll barely misses you. The gnoll barely misses you.
The gnoll hits you with a spear.
* * * LOW HITPOINT WARNING * * *
The gnoll hits you but does no damage.
You see here an adder corpse.
You closely miss the gnoll. The gnoll closely misses you. x2
The gnoll misses you. The gnoll hits you with a spear!
* * * LOW HITPOINT WARNING * * *
The gnoll barely misses you.
The gnoll hits you from afar with a spear.
* * * LOW HITPOINT WARNING * * *
The gnoll hits you from afar with a spear.
You die...

########
#......############### #
#....................#
###.......#####........#
................@..>...#
###.......###.#.†......#
# #######.....#ggg.$...#
# #######.g......# #
#......... ###
##.....### ..# ......#
..# ......# ..# ......#


You could see 3 gnolls and a hobgoblin.

Vanquished Creatures
  5 adders (D:2)
  A leopard gecko (D:1)
  2 giant cockroaches (D:1)
  7 goblins
  3 hobgoblins (D:1)
  9 bats
  2 frilled lizards
  5 kobolds
  5 rats
39 creatures vanquished.

Notes
Turn   | Place    | Note
-------+----------+-------------------------------------------
     0 | D:1      | LarsHolidae the Troll Berserker began the quest for the Orb.
     0 | D:1      | Reached XP level 1. HP: 22/22 MP: 0/0
   297 | D:1      | Reached XP level 2. HP: 26/29 MP: 1/1
   459 | D:1      | Reached ** piety under Trog
   679 | D:1      | Reached XP level 3. HP: 35/36 MP: 2/2
   848 | D:2      | Found a glowing golden altar of the Shining One.
   957 | D:2      | Reached XP level 4. HP: 29/45 MP: 3/3
   999 | D:2      | Slain by a gnoll

Skill      XL: |  1  2  3  4 |
---------------+-------------+-----
Maces & Flails | 3 |  3.6
Fighting       | 3 |  3.0
Dodging        | 3 |  3.0
Stealth        | |  0.1

Action                   |  1- 3 |  4- 6 || total
-------------------------+-------+-------++-------
Melee: Mace              |   110 |     9 ||   119
Invok: Trog's Hand       |     1 |     1 ||     2
  Eat: Meat ration       |     1 |       ||     1
Armor: Animal skin       |    66 |     5 ||    71
Dodge: Dodged            |    84 |    24 ||   108
